 Dungeon Crawl Stone Soup version 0.31.0-11-ge490571c62 (webtiles) character file.

Game seed: 3544346228260639169

170 Marvel the Cutter (level 5, -1/41 HPs)
             Began as a Vampire Fighter on Feb 8, 2024.
             Succumbed to a scorpion's poison
             ... on level 5 of the Dungeon.
             The game lasted 00:05:00 (3040 turns).

Marvel the Cutter (Vampire Fighter)                 Turns: 3040, Time: 00:05:01

Health: -1/41      AC: 13    Str: 13 (15) XL:     5   Next: 25%
Magic:  5/5        EV:  8    Int: 11      God:
Gold:   287        SH: 10    Dex: 15      Spells: 4/4 levels left

rFire   . . .        l - +1 short sword (protect)
rCold   . . .        c - +0 buckler
rNeg    . . .        b - +0 scale mail
rPois   .            (no helmet)
rElec   .            (no cloak)
rCorr   .            (no gloves)
SInv    +            (no boots)
Will    .....        f - amulet of reflection Stlth
                     (no ring)
HPRegen 0.46/turn    (no ring)
MPRegen 0.09/turn

%: reflection
@: lethally poisoned (-1 -> -6), under a protective aura, healing quickly
A: alive, fangs 3, see invisible, vampiric 2
a: Exsanguinate


You were on level 5 of the Dungeon.
You visited 1 branch of the dungeon, and saw 5 of its levels.

You collected 287 gold pieces.

Inventory:

Hand Weapons
 a - a +0 rapier
 l - a +1 short sword of protection (weapon)
Missiles
 p - a throwing net (quivered)
 u - 4 poisoned darts
Armour
 b - a +0 scale mail (worn)
 c - a +0 buckler (worn)
Jewellery
 f - an amulet of reflection (around neck)
 g - an amulet of the acrobat
Scrolls
 e - 3 scrolls of fog {unknown}
 h - 2 scrolls of poison {unknown}
 j - 2 scrolls of teleportation {unknown}
 k - a scroll of fear {unknown}
 n - 2 scrolls of acquirement {unknown}
 q - 2 scrolls of brand weapon {unknown}
 s - a scroll of butterflies {unknown}
 t - a scroll of identify {unknown}
 v - a scroll of amnesia {unknown}
Potions
 d - a potion of might
 i - 3 potions of curing {unknown}
 m - a potion of mutation {unknown}
 o - 3 potions of heal wounds
 r - a potion of haste {unknown}


   Skills:
 + Level 3.5 Fighting
 + Level 3.7 Short Blades
 + Level 3.2 Armour
 + Level 0.9 Dodging
 + Level 0.5 Stealth
 + Level 3.3 Shields


You had 4 spell levels left.
You didn't know any spells.
Your spell library contained the following spells:

 Spells                   Type           Power      Damage    Failure   Level
 Apportation              Tloc           0%         N/A       91%         1
 Necrotise                Necr           0%         1d4       91%         1
 Sting                    Conj/Alch      0%         1d3       91%         1
 Summon Small Mammal      Summ           0%         N/A       91%         1
 Dazzling Flash           Conj/Hex       0%         N/A       100%        3
 Mephitic Cloud           Conj/Alch/Air  0%         N/A       100%        3
 Curse of Agony           Necr           0%         N/A       100%        5
 Silence                  Hex/Air        0%         N/A       100%        5


Dungeon Overview and Level Annotations

Branches:
Dungeon (5/15)
 Temple: D:4-7

Altars:

Shops:
D:4 (

Annotations:
D:4 Eustachio


Innate Abilities, Weirdness & Mutations

Your natural rate of healing is accelerated.
You have razor-sharp teeth.
You have supernaturally acute eyesight. (SInv)
You are afflicted with vampirism and can become a bat while bloodless.


Message History

You hit the scorpion.
The scorpion is severely wounded.
You feel sick.
The scorpion stings you but does no damage.
You hit the scorpion but do no damage.
The scorpion is severely wounded.
You feel sick.
The scorpion stings you but does no damage.
You hit the scorpion.
The scorpion is almost dead.
You feel sick. The scorpion stings you.
You are lethally poisoned!
The scorpion poisons you!
You hit the scorpion but do no damage.
The scorpion is almost dead.
* * * LOW HITPOINT WARNING * * *
You feel very sick. The scorpion completely misses you.
You hit the scorpion.
The scorpion is almost dead.
* * * LOW HITPOINT WARNING * * *
You feel very sick. The scorpion misses you.
You hit the scorpion but do no damage.
The scorpion is almost dead.
* * * LOW HITPOINT WARNING * * *
You feel sick.
The scorpion stings you but does no damage.
You barely miss the scorpion.
The scorpion is almost dead.
* * * LOW HITPOINT WARNING * * *
You feel very sick. You block the scorpion's attack.
You hit the scorpion but do no damage.
The scorpion is almost dead.
* * * LOW HITPOINT WARNING * * *
You feel sick. You block the scorpion's attack.
You hit the scorpion but do no damage.
The scorpion is almost dead.
You die...

############## .
.......†<....#. ..
#####..........
#.## #........##
.#...####........#
#................#
..........#+####...
.......@..# #..
.......s..# ..
..........#
..........#
..#.#...... #
#...###..# #### ..#
...


You could see a scorpion.

Vanquished Creatures
  A hound (D:4)
  Jessica (D:2)
  4 gnolls
  3 adders
  A ribbon worm (D:2)
  A dart slug (D:1)
  2 ball pythons
  A bat (D:3)
  4 endoplasms
  A giant cockroach (D:3)
  4 goblins
  4 hobgoblins
  5 kobolds
  6 quokkas
  4 frilled lizards
  A rat (D:1)
43 creatures vanquished.

Notes
Turn   | Place    | Note
-------+----------+-------------------------------------------
     0 | D:1      | Marvel the Vampire Fighter began the quest for the Orb.
     0 | D:1      | Reached XP level 1. HP: 17/17 MP: 1/1
   647 | D:1      | Reached XP level 2. HP: 16/23 MP: 2/2
   965 | D:2      | You fall into a shaft and drop 1 floor!
  1112 | D:2      | Gained mutation: You are afflicted with vampirism and can
                  | become a bat while bloodless. [Vampire growth]
  1112 | D:2      | Reached XP level 3. HP: 23/29 MP: 3/3
  1155 | D:3      | HP: 1/29 [hobgoblin (3)]
  1568 | D:3      | Reached XP level 4. HP: 26/35 MP: 4/4
  1849 | D:2      | Noticed Jessica
  1866 | D:2      | Killed Jessica
  2659 | D:4      | Noticed an ogre
  2742 | D:4      | Found Peciteg's Weapon Shoppe.
  2770 | D:4      | Reached XP level 5. HP: 40/41 MP: 5/5
  2982 | D:4      | Noticed Eustachio
  3005 | D:5      | Entered Level 5 of the Dungeon
  3038 | D:5      | HP: 2/41 [poisoned by a scorpion]
  3040 | D:5      | Succumbed to a scorpion's poison

Illustrated notes

Levels and vault maps discovered:
D:1:      dpeg_arrival_radiant, layout_loops_corners
D:2:      layout_basic, uniq_jessica
D:3:      layout_basic
D:4:      layout_basic, nicolae_overflow_two_pavilions,
          mainiacjoe_overflow_surrounded_room, serial_shops, kennysheep_mini,
          uniq_eustachio
D:5:      layout_basic, nicolae_gozag_cash_rules_everything_around_me

Skill      XL: |  1  2  3  4 |
---------------+-------------+-----
Fighting       | 3 |  3.5
Shields        | 3 |  3.3
Short Blades   | 3 |  3.7
Armour         | 3 |  3.2
Dodging        | |  0.9
Stealth        | |  0.5

Action                     |  1- 3 |  4- 6 || total
---------------------------+-------+-------++-------
  Melee: Rapier            |   114 |       ||   114
         Bite              |     5 |    15 ||    20
         Short sword       |     9 |   112 ||   121
  Throw: Throwing net      |       |     1 ||     1
    Use: Potion            |     4 |       ||     4
 Armour: Scale mail        |    84 |    76 ||   160
         Skin              |     8 |       ||     8
  Dodge: Dodged            |    46 |    32 ||    78
  Block: Buckler           |    33 |    44 ||    77
